 Dungeon Crawl Stone Soup version 0.25.1-4-g9407a263a5 (webtiles) character file.

Game seed: 1313325048834658385

590 noneguy the Shield-Bearer (level 7, -2/67 HPs)
             Began as a Troll Fighter on Nov 14, 2020.
             Was a Follower of Uskayaw.
             Slain by KamiKatze's ghost (10 damage)
             ... on level 4 of the Dungeon on Nov 26, 2020.
             The game lasted 00:33:04 (3688 turns).

noneguy the Shield-Bearer (Troll Fighter)           Turns: 3688, Time: 00:33:05

Health: -2/67      AC:  6    Str: 27    XL:     7   Next: 15%
Magic:  6/6        EV:  9    Int:  4    God:    Uskayaw [*.....]
Gold:   152        SH: 10    Dex:  9    Spells: 6/6 levels left

rFire    . . .     SeeInvis .   o - +6 club
rCold    . . .     Gourm    +   b - +1 kite shield
rNeg     . . .     Faith    .   a - +0 robe
rPois    .         Spirit   .   (helmet restricted)
rElec    .         Reflect  .   (no cloak)
rCorr    +         Harm     .   (gloves unavailable)
MR       .....                  (boots unavailable)
Stlth    +.........             (no amulet)
HPRegen  0.61/turn              u - ring of resist corrosion
MPRegen  0.10/turn              (no ring)

@: no status effects
A: large, unfitting armour, claws 3, fast metabolism 3, gourmand, regeneration
1, shaggy fur 1, tough skin 3
a: Stomp, Renounce Religion


You were on level 4 of the Dungeon.
You worshipped Uskayaw.
Uskayaw was noncommittal.
You were not hungry.

You visited 1 branch of the dungeon, and saw 5 of its levels.

You collected 152 gold pieces.

Inventory:

Hand Weapons
 g - a +2 short sword of venom
 h - a +0 whip
 o - a +6 club (weapon)
Missiles
 f - 57 bolts
 j - 136 stones (quivered)
 n - 30 arrows
 t - 65 sling bullets
Armour
 a - a +0 robe (worn)
 b - a +1 kite shield (worn)
 e - a +0 scale mail
 k - a +0 plate armour
 l - a +0 robe
 q - a +0 robe
 r - a +3 chain mail of cold resistance
Jewellery
 i - a cursed amulet of inaccuracy {unknown}
 u - a ring of resist corrosion (left claw)
Scrolls
 m - 4 scrolls of teleportation
 p - 5 scrolls of enchant armour
 v - 4 scrolls of remove curse
Potions
 c - a potion of might
 s - a potion of magic
 w - 2 potions of flight {unknown}
 x - a potion of brilliance
Comestibles
 d - 9 rations


   Skills:
 + Level 3.6 Fighting
 + Level 2.0 Maces & Flails
 + Level 3.7 Dodging
 + Level 0.9 Stealth
 + Level 3.9 Shields
 + Level 3.8 Unarmed Combat


You had 6 spell levels left.
You didn't know any spells.
Your spell library was empty.

Dungeon Overview and Level Annotations

Branches:
Dungeon (5/15)
 Temple: D:4-7

Altars:
Ru
Uskayaw

Annotations:
D:4 KamiKatze's ghost, amateur DgFi


Innate Abilities, Weirdness & Mutations

You are too large for most types of armour.
You have claws for hands.
Your metabolism is lightning-fast.
You like to eat raw meat.
Your natural rate of healing is unusually fast.
You are covered in fur. (AC +1)
You have extremely tough skin. (AC +3)


Message History

You block KamiKatze's ghost's attack.
KamiKatze's ghost screams, "You must not succeed where I failed!"
You sock KamiKatze's ghost!
KamiKatze's ghost is lightly damaged.
You block KamiKatze's ghost's attack.
There is a transporter here.
You closely miss KamiKatze's ghost.
KamiKatze's ghost is lightly damaged.
KamiKatze's ghost hits you! You block KamiKatze's ghost's attack.
You hit KamiKatze's ghost.
KamiKatze's ghost is moderately damaged.
KamiKatze's ghost hits you!
* * * LOW HITPOINT WARNING * * *
You enter the transporter and appear at another place.
KamiKatze's ghost hits you!
* * * LOW HITPOINT WARNING * * *
There is a transporter, spattered with blood here.
You enter the transporter and appear at another place.
KamiKatze's ghost hits you!
You die...

≈###...##.###..........# ###
##...#....# #..........# #.#
...######## #..........# #.#
#.......# #..........####.#####
........#####....................
...........##..........####.#####
...........###.................#
.######....###....#.##.#.##.#.##
.# #........W@......#.##.#.# .#
#.....#########..#.##...# .#
####....##8...[.8##.#......# .#
#.......#§........#....##### .#
#.##....#........(#.#.## .#
#.##....#.........#.#.# .#
#.###.#.#....©....#.#.# .# #.#
#...#.........#...# ####.#
#...#.........#.###


You could see KamiKatze's ghost.

Vanquished Creatures
  A phantom (D:4)
  An ogre (D:4)
  A scorpion (D:4)
  A hound (D:4)
  3 orc wizards (D:4)
  2 worker ants (D:4)
  A hound skeleton (D:4)
  Robin (D:2)
  4 gnolls (D:2)
  A howler monkey skeleton (D:4)
  6 adders
  2 oozes
  A worm (D:4)
  2 dart slugs
  2 leopard geckos
  7 orcs (D:4)
  A ball python (D:2)
  4 bats
  A giant cockroach (D:2)
  10 goblins (D:2)
  9 hobgoblins
  8 jackals
  5 frilled lizards
  2 kobolds
  A leopard gecko zombie (D:5)
  A quokka skeleton (D:4)
  3 rats
81 creatures vanquished.

Notes
Turn   | Place    | Note
-------+----------+-------------------------------------------
     0 | D:1      | noneguy the Troll Fighter began the quest for the Orb.
     0 | D:1      | Reached XP level 1. HP: 22/22 MP: 0/0
    86 | D:1      | Reached XP level 2. HP: 29/29 MP: 1/1
   708 | D:2      | Reached XP level 3. HP: 36/36 MP: 2/2
   745 | D:2      | Reached XP level 4. HP: 42/45 MP: 3/3
  1311 | D:2      | Noticed Robin
  1333 | D:2      | Killed Robin
  1421 | D:2      | You fall into a shaft and drop 1 floor!
  1553 | D:3      | Reached XP level 5. HP: 48/53 MP: 4/4
  1560 | D:2      | Found a hide-covered altar of Uskayaw.
  1578 | D:2      | Upgraded the game from 0.25.1-2-g60ff931df9 to
                  | 0.25.1-4-g9407a263a5
  1583 | D:2      | Became a worshipper of Uskayaw the Reveler
  1619 | D:3      | You fall into a shaft and drop 2 floors!
  1619 | D:5      | Entered Level 5 of the Dungeon
  1652 | D:4      | Reached * piety under Uskayaw
  1666 | D:4      | Noticed an ogre
  1679 | D:4      | Reached ** piety under Uskayaw
  1683 | D:4      | Reached *** piety under Uskayaw
  1687 | D:4      | Killed an ogre
  2033 | D:3      | Reached XP level 6. HP: 51/61 MP: 5/5
  2055 | D:3      | Found a sacrificial altar of Ru.
  2484 | D:4      | Found a transporter.
  2486 | D:4      | Found a transporter.
  2486 | D:4      | Noticed KamiKatze's ghost (amateur DgFi)
  2607 | D:4      | Reached skill level 1 in Maces & Flails
  3297 | D:4      | HP: 2/61 [ooze (3)]
  3303 | D:4      | HP: 2/61 [poisoned by a worker ant]
  3555 | D:4      | Reached XP level 7. HP: 39/67 MP: 6/6
  3688 | D:4      | Slain by KamiKatze's ghost

Illustrated notes

Levels and vault maps discovered:
D:1:      wander_arrival_chamber, layout_loops_ring
D:2:      layout_loops_ring, nicolae_overflow_hidden_temple, marbit_many_paths,
          uniq_robin
D:3:      layout_loops_ring, nicolae_ru_awakened_eye
D:4:      cheibrodos_helix_gallery, layout_basic, gammafunk_ghost_arena
D:5:      layout_loops_ring, nicolae_overflow_quartered_altars,
          gammafunk_ghost_split, first_ration, basic_altar,
          minmay_strange_pillars, fedhas_altar_1

Skill      XL: |  1  2  3  4  5  6 |
---------------+-------------------+-----
Shields        | 3 |  3.9
Fighting       | 3 |  3.6
Unarmed Combat | 3 |  3.8
Dodging        | 3 |  3.7
Maces & Flails | 2 |  2.0
Stealth        | |  0.9

Action                   |  1- 3 |  4- 6 |  7- 9 || total
-------------------------+-------+-------+-------++-------
Melee: Unarmed           |    67 |    40 |       ||   107
       Club              |       |   166 |     6 ||   172
Throw: Stone             |       |     4 |       ||     4
  Use: Scroll            |     2 |     3 |     2 ||     7
       Potion            |     1 |     4 |       ||     5
 Stab: Sleeping          |     1 |     1 |       ||     2
       Paralysed         |       |     3 |       ||     3
  Eat: Chunk             |     4 |    22 |       ||    26
       Ration            |       |     2 |       ||     2
Armor: Robe              |    27 |    53 |     1 ||    81
Dodge: Dodged            |    21 |    62 |     1 ||    84
Block: Kite shield       |    30 |   104 |     4 ||   138
